 Dungeon Sprint DCSS version 0.28.0-43-g3370ac3207 (webtiles) character file.

Game seed: 6840876568490224726

695 boopmooplesden the Protected (level 7, -3/74 HPs)
             Began as a Minotaur Fighter on Mar 2, 2022.
             Slain by a vampire mosquito (7 damage)
             ... in the Dungeon (Sprint II: "The Violet Keep of Menkaure").
             The game lasted 00:00:44 (537 turns).

boopmooplesden the Protected (Minotaur Fighter)      Turns: 537, Time: 00:00:45

Health: -3/74      AC:  9    Str: 23    XL:     7   Next: 37%
Magic:  6/6        EV: 10    Int:  5    God:
Gold:   729        SH:  6    Dex:  9    Spells: 6/6 levels left

rFire   . . .      SeeInvis .   a - +0 war axe
rCold   . . .      Faith    .   c - +0 buckler
rNeg    . . .      Spirit   .   b - +0 scale mail
rPois   .          Reflect  .   (helmet restricted)
rElec   .          Harm     .   (no cloak)
rCorr   .          Rampage  .   (no gloves)
Will    .....      NoTele   +   (no boots)
Stlth   ..........              (no amulet)
HPRegen 0.22/turn               (no ring)
MPRegen 0.10/turn               (no ring)

@: very slow
A: horns 2, retaliatory headbutt
a: no special abilities


You were in the Dungeon.
You visited 1 branch You collected 729 gold pieces.

Inventory:

Hand Weapons
 a - a +0 war axe (weapon)
Armour
 b - a +0 scale mail (worn)
 c - a +0 buckler (worn)
Scrolls
 j - a scroll of blinking
Potions
 e - a potion of curing
 f - a potion of heal wounds
 g - a potion of haste
 h - 2 potions of magic
 i - a potion of berserk rage


   Skills:
 + Level 11.0 Fighting
 + Level 8.0 Axes
 + Level 11.4 Armour
 + Level 1.0 Dodging
 + Level 10.1 Shields


You had 6 spell levels left.
You didn't know any spells.
Your spell library was empty.

Dungeon Overview and Level Annotations

Branches:
Dungeon (1/1)

Altars:

Shops:
D !*?[[!:(*[=


Innate Abilities, Weirdness & Mutations

You have a pair of horns on your head.
You reflexively headbutt those who attack you in melee.


Message History

The vampire mosquito draws strength from your injuries!
Your unstable footing causes you to fumble your attack.
The vampire mosquito bites you.
* * * LOW HITPOINT WARNING * * *
The vampire mosquito draws strength from your injuries!
The vampire mosquito bites you but does no damage.
Your unstable footing causes you to fumble your attack.
The vampire mosquito barely misses you.
The vampire mosquito completely misses you.
Your unstable footing causes you to fumble your attack.
The vampire mosquito bites you.
* * * LOW HITPOINT WARNING * * *
The vampire mosquito draws strength from your injuries!
The vampire mosquito barely misses you.
You closely miss the vampire mosquito. The vampire mosquito barely misses you.
You block the vampire mosquito's attack.
You barely miss the vampire mosquito.
Your headbutt misses the vampire mosquito.
The vampire mosquito bites you.
* * * LOW HITPOINT WARNING * * *
The vampire mosquito draws strength from your injuries!
You block the vampire mosquito's attack.
You slash the vampire mosquito! You headbutt the vampire mosquito!
The vampire mosquito is almost destroyed.
The vampire mosquito bites you.
* * * LOW HITPOINT WARNING * * *
The vampire mosquito draws strength from your injuries!
The vampire mosquito bites you.
* * * LOW HITPOINT WARNING * * *
The vampire mosquito draws strength from your injuries!
You closely miss the vampire mosquito.
The vampire mosquito is severely damaged.
You block the vampire mosquito's attack.
The vampire mosquito closely misses you.
Your unstable footing causes you to fumble your attack.
The vampire mosquito closely misses you.
You furiously retaliate!
You headbutt the vampire mosquito, but do no damage.
The vampire mosquito bites you!
You die...

∩.∩...#≈≈≈≈#..#..#
.∩.∩..#≈≈####.#.## #
..∩.⌠.#≈##.###'## .##
.∩.∩..#≈###.##.##B..#
∩.∩...+≈'.##†.<.+#
.∩....#≈#...##.##B..#
▓▓▓▓###≈##.###'## .##
l######≈≈####.#.## #
l ##@≈≈#.###.#
#y#≈##.#.## #!#≈≈##+#
### ≈≈≈ +++# °


You could see a vampire mosquito.

Vanquished Creatures
  2 wyverns (D)
  Menkaure (D)
  A water moccasin (D)
  4 scorpions (D)
  3 worms (D)
11 creatures vanquished.

Notes
Turn   | Place    | Note
-------+----------+-------------------------------------------
     0 | D        | boopmooplesden the Minotaur Fighter began the quest for the
                  | Orb.
     0 | D        | Reached XP level 1. HP: 19/19 MP: 0/0
     1 | D        | Noticed a boulder beetle
     1 | D        | Noticed a boulder beetle
     4 | D        | Noticed a scorpion
     4 | D        | Noticed a scorpion
     4 | D        | Noticed a scorpion
     4 | D        | Noticed a scorpion
     7 | D        | Killed a scorpion
     8 | D        | Reached skill level 5 in Shields
     8 | D        | Reached XP level 2. HP: 15/30 MP: 1/1
     8 | D        | Reached XP level 3. HP: 18/37 MP: 2/2
     9 | D        | Killed a scorpion
    10 | D        | Reached XP level 4. HP: 13/47 MP: 3/3
    11 | D        | Killed a scorpion
    12 | D        | Reached XP level 5. HP: 12/53 MP: 4/4
    13 | D        | Reached skill level 5 in Axes
   253 | D        | Noticed a wyvern
   253 | D        | Noticed a wyvern
   255 | D        | Killed a wyvern
   256 | D        | Reached skill level 10 in Armour
   256 | D        | Reached XP level 6. HP: 58/66 MP: 5/5
   263 | D        | Killed a wyvern
   264 | D        | Reached skill level 10 in Fighting
   264 | D        | Reached XP level 7. HP: 50/73 MP: 6/6
   364 | D        | Found Ewekujus's Jewellery Shop.
   364 | D        | Found Pitheego's Antique Weapon Boutique.
   364 | D        | Found Haolash's Antique Armour Boutique.
   364 | D        | Found Juefom's Book Shop.
   365 | D        | Found Gicwaderr's Distillery.
   365 | D        | Found Usiboets's Antique Armour Boutique.
   365 | D        | Found Jaipn's Antique Armour Shop.
   366 | D        | Found Asalov's Assorted Antiques.
   366 | D        | Found Bocliank's Magic Scroll Boutique.
   366 | D        | Found Losaor's Assorted Antiques.
   366 | D        | Found Qiemimn's Distillery.
   366 | D        | Noticed Menkaure
   366 | D        | Noticed a wyvern
   366 | D        | Noticed a wyvern
   377 | D        | Killed Menkaure
   378 | D        | Reached skill level 1 in Dodging
   378 | D        | Reached skill level 10 in Shields
   521 | D        | Noticed a vampire mosquito
   535 | D        | HP: 3/74 [vampire mosquito (3)]
   537 | D        | Slain by a vampire mosquito

Illustrated notes

Levels and vault maps discovered:
D:        the_violet_keep_of_menkaure [sprint2_stairs_cluster_1,
          sprint2_shoproom, sprint2_temple, sprint2_basic_supplies,
          sprint2_obstacle_5, sprint2_obstacle_6, sprint2_obstacle_4,
          sprint2_obstacle_1, sprint2_obstacle_2, sprint2_timed_cluster_1,
          sprint2_smallroom_cluster_1, sprint2_smallroom_final_cluster_1,
          sprint2_transparent_cluster_1, sprint2_second_timed_cluster_1,
          sprint2_sniper_area_1, sprint2_heavy_combat_area_1,
          sprint2_mutation_trap_area_1, sprint2_forest_area_1,
          sprint2_light_combat_area_1, sprint2_behind_water_1,
          sprint2_near_end_vault_1]

Skill      XL: |  1  2  3  4  5  6  7 |
---------------+----------------------+-----
Fighting       | 6 7 9 10 11 | 11.0
Axes           | 3 4 6 7 8 |  8.0
Armour         | 6 7 8 10 11 | 11.4
Shields        | 5 6 7 9 10 | 10.1
Dodging        | 1 |  1.0

Action                   |  1- 3 |  4- 6 |  7- 9 || total
-------------------------+-------+-------+-------++-------
Melee: War axe           |     4 |    13 |    36 ||    53
       Headbutt          |     2 |     2 |     4 ||     8
  Use: Potion            |     1 |       |       ||     1
Armor: Scale mail        |     1 |     3 |    10 ||    14
Dodge: Dodged            |       |     6 |    14 ||    20
Block: Buckler           |       |     5 |    10 ||    15
